 Dungeon Crawl Stone Soup version 0.16-a0-3187-geb38783 (webtiles) character file.

403 Grim the Sneak (level 6, -6/43 HPs)
             Began as an Octopode Assassin on Dec 17, 2014.
             Mangled by Prince Ribbit (17 damage)
             ... on level 4 of the Dungeon.
             The game lasted 00:11:15 (3974 turns).

Grim the Sneak (Octopode Assassin)                  Turns: 3974, Time: 00:11:16

Health: -6/43      AC:  1    Str: 10    XL:     6   Next: 86%
Magic:  6/6        EV: 12    Int: 13    God:
Gold:   225        SH:  0    Dex: 19    Spells: 0 memorised, 5 levels left

rFire  . . .     SeeInvis .     b - +0 blowgun
rCold  . . .     Clarity  .     (no shield)
rNeg   . . .     SustAb   .     (helmet restricted)
rPois  .         Gourm    .     (no amulet)
rElec  .         Spirit   .     a - +3 ring of dexterity
rCorr  .         Warding  .     (no ring)
rMut   .         Stasis   .     (no ring)
MR     .....                    (no ring)
Stlth  +++++.....               (no ring)
                                (no ring)
                                (no ring)
                                (no ring)

@: not resistant to hostile enchantments, quite stealthy
A: almost no armour, amphibious, 8 rings, constrict 8, camouflage 1, gelatinous
body 1
a: no special abilities


You were on level 4 of the Dungeon.
You were not hungry.

You visited 1 branch of the dungeon, and saw 4 of its levels.

You collected 225 gold pieces.

Inventory:

Hand weapons
 b - a +0 blowgun (weapon)
 i - a +3 dagger of speed
Missiles
 e - 17 poisoned needles (quivered)
 f - 2 curare-tipped needles
Jewellery
 a - a +3 ring of dexterity (left tentacle)
Magical devices
 s - a wand of paralysis (12)
Scrolls
 p - 2 scrolls of remove curse
 q - 3 scrolls of identify
 t - 2 scrolls of amnesia {unknown}
Potions
 c - a potion of agility
 h - a potion of restore abilities {unknown}
 j - a potion of curing {unknown}
 k - a potion of lignification {unknown}
 l - 2 potions of might {unknown}
 m - 2 potions of heal wounds {unknown}
 n - a potion of cure mutation {unknown}
 v - a potion of cancellation {unknown}
Comestibles
 d - a beef jerky
 g - a bread ration
 o - 2 meat rations


   Skills:
 * Level 4.2 Fighting
 - Level 4.6 Short Blades
 - Level 2.0 Throwing
 - Level 1.0 Dodging
 + Level 7.6 Stealth


You had 5 spell levels left.
You didn't know any spells.

Dungeon Overview and Level Annotations

Branches:
Dungeon (4/15)
 Temple: D:4-7

Altars:
Qazlal
Ru
Sif Muna

Annotations:
D:4 Prince Ribbit


Innate Abilities, Weirdness & Mutations

You cannot wear most types of armour.
You are amphibious.
You can wear up to eight rings at the same time.
You can use your tentacles to constrict many enemies at once.
Your skin changes colour to match your surroundings (Stealth).
Your rubbery body absorbs attacks (AC +1).


Message History

* * * LOW HITPOINT WARNING * * *
Read which item? (? for menu, Esc to quit)
As you read the scroll labeled SOMOQO JEUT, it crumbles to dust.
The scroll dissolves into smoke.
It was a scroll of fog.
Prince Ribbit completely misses you. Prince Ribbit barely misses you.
Things that are here:
a mace; a chain mail; an orc corpse Wield which item (- for none, * to show all)? (? for menu, Esc to quit)
b - a +0 blowgun (weapon)
Prince Ribbit hits you!
* * * LOW HITPOINT WARNING * * *
Firing (i - inventory. (,) - cycle):
e - 18 poisoned needles (quivered)
Press: ? - help, Shift-Dir - straight line, f - Prince Ribbit
Aim: Prince Ribbit (blue smoke, lightly wounded)
You shoot a poisoned needle. The poisoned needle hits Prince Ribbit!
Prince Ribbit is poisoned.
Prince Ribbit is lightly wounded.
Prince Ribbit hits you!
You die...

#.# #.# ###. #.# ...
#.# ####.##.# #
.........# .#
.........§####.###.#
........§§§§§......#
#.......§§§F@..####
######..#§#######
........).#
.........##
########.# #.# #.#
#.# #.#


You could see Prince Ribbit.

Vanquished Creatures
  Edmund (D:4)
  An orc priest (D:3)
  A quasit (D:3)
  A hound (D:4)
  A worker ant (D:4)
  An orc wizard (D:4)
  Jessica (D:2)
  4 adders
  2 worms
  A giant gecko (D:2)
  6 orcs
  5 bats
  6 hobgoblins
  12 jackals
  10 kobolds
  3 quokkas
  5 giant cockroaches
  8 giant newts
  8 goblins
  7 rats
84 creatures vanquished.

Notes
Turn   | Place    | Note
--------------------------------------------------------------
     0 | D:1      | Grim, the Octopode Assassin, began the quest for the Orb.
     0 | D:1      | Reached XP level 1. HP: 14/14 MP: 1/1
   362 | D:1      | Reached XP level 2. HP: 17/19 MP: 2/2
   894 | D:1      | Reached XP level 3. HP: 24/24 MP: 3/3
  1253 | D:2      | Noticed Jessica
  1254 | D:2      | Killed Jessica
  1728 | D:2      | Reached XP level 4. HP: 29/29 MP: 4/4
  1845 | D:2      | Reached skill level 6 in Stealth
  2554 | D:3      | Found a stormy altar of Qazlal.
  2560 | D:3      | Reached XP level 5. HP: 34/34 MP: 5/5
  2711 | D:3      | Found a deep blue altar of Sif Muna.
  3122 | D:3      | Found a stormy altar of Qazlal.
  3123 | D:3      | Found a sacrificial altar of Ru.
  3431 | D:4      | Noticed Edmund
  3505 | D:4      | Killed Edmund
  3505 | D:4      | Reached skill level 7 in Stealth
  3505 | D:4      | Reached XP level 6. HP: 17/43 MP: 6/6
  3965 | D:4      | Noticed Prince Ribbit
  3974 | D:4      | Mangled by Prince Ribbit

Action                   |  1- 3 |  4- 6 || total
-------------------------+-------+-------++-------
Melee: Dagger            |    64 |   135 ||   199
 Fire: Blowgun           |       |     6 ||     6
  Use: Scroll            |     1 |     4 ||     5
 Stab: Sleeping          |    14 |     9 ||    23
       Distracted        |     1 |     1 ||     2
  Eat: Chunk             |     2 |     7 ||     9
